[Event "DPEM German Cup 2024"]
[Site "Bad Wildungen"]
[Date "2024.08.01"]
[Round "1.1"]
[White "Meyer, Thomas"]
[Black "Schroeder, Torsten"]
[Result "1/2-1/2"]
[Annotator "RC"]
[ECO "A36"]
[WhiteElo "2020"]
[BlackElo "2153"]
[PlyCount "40"]
[EventDate "2024.07.31"]
[EventCountry "GER"]
[SourceTitle "playchess.com"]
[Source "ChessBase"]
[SourceQuality "1"]
[TimeControl "40/5400+30:900+30"]

1. c4 Nf6 2. Nc3 g6 3. e4 d6 4. g3 Bg7 5. Bg2 O-O 6. Nge2 c5 7. O-O Nc6 8. d3 Rb8 9. h3 a6 10. a4 Ne8 11. Be3 Nc7 12. Qd2 Ne6 13. f4 Ned4 14. Ra3 e6 15. g4 b5 16. axb5 axb5 17. Nxb5 Nxb5 18. cxb5 Rxb5 19. e5 Qb6 20. Nc3 Rb4 1/2-1/2

[Event "DPEM German Cup 2024"]
[Site "Bad Wildungen"]
[Date "2024.08.01"]
[Round "1.2"]
[White "Herbrig, Alexander"]
[Black "Poetsch, Hagen"]
[Result "0-1"]
[Annotator "RC"]
[ECO "E04"]
[WhiteElo "2279"]
[BlackElo "2456"]
[PlyCount "112"]
[EventDate "2024.07.31"]
[EventCountry "GER"]
[SourceTitle "playchess.com"]
[Source "ChessBase"]
[SourceQuality "1"]
[TimeControl "40/5400+30:900+30"]

1. d4 Nf6 2. c4 e6 3. g3 d5 4. Nf3 dxc4 5. Bg2 c6 6. O-O b5 7. a4 Bb7 8. Ne5 a6 9. b3 cxb3 10. Bb2 Nbd7 11. Qxb3 Nxe5 12. dxe5 Nd7 13. Nc3 Nc5 14. Qc2 Be7 15. Ne4 Nxe4 16. Bxe4 Qb6 17. Rfd1 b4 18. a5 Qc7 19. Rd4 Rc8 20. Rad1 Qxa5 21. Qd3 Rd8 22. Qf3 O-O 23. Rd7 Bc8 24. R7d6 Bxd6 25. exd6 Qc5 26. Rc1 Qg5 27. h4 Qd2 28. Rc2 Qd1+ 29. Kh2 f5 30. Bd3 Rxd6 31. Rxc6 Rxc6 32. Qxc6 Qb3 33. Be5 Qd5 34. Qc7 Qd7 35. Qc4 Bb7 36. f3 a5 37. Qc5 Ra8 38. Bb5 Qd8 39. Bc4 Bd5 40. Bxd5 exd5 41. Qb5 Ra7 42. Bd4 Re7 43. e3 h6 44. h5 Kh7 45. Kg2 Rc7 46. Qd3 Qg5 47. Be5 Re7 48. Bf4 Qf6 49. Qb5 Qb2+ 50. Kh3 Qb1 51. Kh2 b3 52. Qxd5 Qc2+ 53. Kh3 b2 54. e4 b1=Q 55. Qxf5+ Kg8 56. Qd5+ Rf7 0-1

[Event "DPEM German Cup 2024"]
[Site "Bad Wildungen"]
[Date "2024.08.01"]
[Round "1.3"]
[White "Matthes, Benjamin"]
[Black "Cofmann, Veaceslav"]
[Result "0-1"]
[Annotator "RC"]
[ECO "C13"]
[WhiteElo "1946"]
[BlackElo "2245"]
[PlyCount "52"]
[EventDate "2024.07.31"]
[EventCountry "GER"]
[SourceTitle "playchess.com"]
[Source "ChessBase"]
[SourceQuality "1"]
[TimeControl "40/5400+30:900+30"]

1. e4 e6 2. d4 d5 3. Nc3 Nf6 4. Bg5 dxe4 5. Nxe4 Nbd7 6. Nf3 h6 7. Bxf6 Nxf6 8. Bd3 Bd6 9. c3 Bd7 10. Nxd6+ cxd6 11. O-O Bc6 12. Re1 O-O 13. b4 b5 14. a4 a6 15. axb5 axb5 16. Rxa8 Qxa8 17. Qe2 Nd5 18. Qe4 g6 19. Qh4 Kg7 20. Qg3 Nxc3 21. Bxg6 fxg6 22. Rxe6 Be4 23. Kf1 Bd3+ 24. Ke1 Qa1+ 25. Kd2 Qd1+ 26. Kxc3 Qc2# 0-1

[Event "DPEM German Cup 2024"]
[Site "Bad Wildungen"]
[Date "2024.08.01"]
[Round "1.4"]
[White "Lochte, Thomas"]
[Black "Matthaei, Jakob"]
[Result "1/2-1/2"]
[Annotator "RC"]
[ECO "C44"]
[WhiteElo "1983"]
[BlackElo "2055"]
[PlyCount "120"]
[EventDate "2024.07.31"]
[EventCountry "GER"]
[SourceTitle "playchess.com"]
[Source "ChessBase"]
[SourceQuality "1"]
[TimeControl "40/5400+30:900+30"]

1. e4 e5 2. d4 exd4 3. c3 dxc3 4. Bc4 d6 5. Nxc3 Nc6 6. Nf3 Nf6 7. Qb3 Qd7 8. Ng5 Ne5 9. Be2 h6 10. f4 Nc6 11. Nf3 Be7 12. e5 dxe5 13. Nxe5 Nxe5 14. fxe5 Ng4 15. e6 Qxe6 16. Nd5 Bd6 17. O-O O-O 18. Bxg4 Qxg4 19. Bf4 Be6 20. h3 Qh4 21. Bxd6 Qd4+ 22. Rf2 Bxd5 23. Qd1 Qxd1+ 24. Rxd1 cxd6 25. Rxd5 Rfd8 26. Rfd2 Rac8 27. Rxd6 Rxd6 28. Rxd6 Rc7 29. Rd8+ Kh7 30. Ra8 a6 31. Rb8 Kg6 32. b4 Kf6 33. Kf2 Ke6 34. Ke3 Kd5 35. Kd3 Kc6 36. a4 Rd7+ 37. Kc3 Re7 38. Kd3 h5 39. Rc8+ Kd6 40. Rb8 f5 41. Rh8 Ke5 42. Rxh5 Kf4 43. Kd4 g6 44. Rh6 Rd7+ 45. Kc5 Rg7 46. h4 Kg4 47. Kd6 g5 48. hxg5 Kxg5 49. Re6 Kf4 50. Re2 Kg3 51. b5 axb5 52. axb5 b6 53. Rc2 f4 54. Kc6 Rg6+ 55. Kc7 Kh2 56. Rc4 Rg4 57. Kxb6 Kxg2 58. Ka6 Rg6+ 59. b6 f3 60. Ka7 Rxb6 1/2-1/2

[Event "DPEM German Cup 2024"]
[Site "Bad Wildungen"]
[Date "2024.08.01"]
[Round "1.5"]
[White "Bolk, Matthias"]
[Black "Junker, Reiner"]
[Result "1/2-1/2"]
[Annotator "RC"]
[ECO "A00"]
[WhiteElo "2034"]
[BlackElo "2225"]
[PlyCount "47"]
[EventDate "2024.07.31"]
[EventCountry "GER"]
[SourceTitle "playchess.com"]
[Source "ChessBase"]
[SourceQuality "1"]
[TimeControl "40/5400+30:900+30"]

1. b4 e5 2. a3 d5 3. Bb2 Bd6 4. e3 Nf6 5. Nf3 Nbd7 6. c4 c6 7. cxd5 cxd5 8. Be2 O-O 9. O-O Re8 10. Nc3 b6 11. Rc1 Bb7 12. Nb5 Bb8 13. Qc2 Re6 14. d4 e4 15. Ne5 Nxe5 16. dxe5 Bxe5 17. Bxe5 Rxe5 18. Qc7 Qxc7 19. Rxc7 Ba6 20. Rfc1 Ne8 21. Rd7 Nf6 22. Rdc7 Ne8 23. Rd7 Nf6 24. Rdc7 1/2-1/2

[Event "DPEM German Cup 2024"]
[Site "Bad Wildungen"]
[Date "2024.08.01"]
[Round "1.6"]
[White "Namyslo, Holger"]
[Black "Windmueller, Simon"]
[Result "1/2-1/2"]
[Annotator "RC"]
[ECO "B99"]
[WhiteElo "2131"]
[BlackElo "1941"]
[PlyCount "40"]
[EventDate "2024.07.31"]
[EventCountry "GER"]
[SourceTitle "playchess.com"]
[Source "ChessBase"]
[SourceQuality "1"]
[TimeControl "40/5400+30:900+30"]

1. e4 c5 2. Nf3 d6 3. d4 cxd4 4. Nxd4 Nf6 5. Nc3 a6 6. Bg5 e6 7. f4 Be7 8. Qf3 Qc7 9. O-O-O Nbd7 10. Bd3 b5 11. Rhe1 Bb7 12. Qg3 b4 13. Nd5 exd5 14. exd5 Kd8 15. Nc6+ Bxc6 16. dxc6 Qxc6 17. Bxf6 Nxf6 18. Qxg7 Re8 19. Qxf7 Ra7 20. Bf5 Qc5 1/2-1/2

[Event "DPEM German Cup 2024"]
[Site "Bad Wildungen"]
[Date "2024.08.01"]
[Round "1.7"]
[White "Skabs, Denis"]
[Black "Wickenfeld, Stefan"]
[Result "1/2-1/2"]
[Annotator "RC"]
[ECO "B02"]
[WhiteElo "2096"]
[BlackElo "2198"]
[PlyCount "69"]
[EventDate "2024.07.31"]
[EventCountry "GER"]
[SourceTitle "playchess.com"]
[Source "ChessBase"]
[SourceQuality "1"]
[TimeControl "40/5400+30:900+30"]

1. e4 d5 2. exd5 Nf6 3. Nc3 Nxd5 4. Bc4 Nb6 5. Be2 c5 6. Nf3 Nc6 7. O-O g6 8. Re1 Bg7 9. Bb5 O-O 10. Bxc6 bxc6 11. Qe2 Re8 12. Ne5 Bb7 13. d3 Qd4 14. Bd2 Bxe5 15. Qxe5 Qxe5 16. Rxe5 c4 17. d4 Rad8 18. Ra5 Rxd4 19. Be3 Rd7 20. Rxa7 Nd5 21. Na4 Nxe3 22. fxe3 Bc8 23. Rxd7 Bxd7 24. Nc5 Be6 25. a4 Ra8 26. a5 Bc8 27. a6 Kf8 28. Kf2 e5 29. Ra5 Ke7 30. Ke2 Kd6 31. Kd2 Kc7 32. Kc3 Kb6 33. Kb4 Bxa6 34. Nxa6 Rxa6 35. Rxe5 1/2-1/2

[Event "DPEM German Cup 2024"]
[Site "Bad Wildungen"]
[Date "2024.08.01"]
[Round "1.8"]
[White "Colpe, Malte"]
[Black "Malek, Daniel"]
[Result "1/2-1/2"]
[Annotator "RC"]
[ECO "D02"]
[WhiteElo "2377"]
[BlackElo "2265"]
[PlyCount "61"]
[EventDate "2024.07.31"]
[EventCountry "GER"]
[SourceTitle "playchess.com"]
[Source "ChessBase"]
[SourceQuality "1"]
[TimeControl "40/5400+30:900+30"]

1. d4 d5 2. Nf3 Nf6 3. c3 e6 4. Bf4 c5 5. e3 Nc6 6. Nbd2 Bd6 7. Bg3 O-O 8. Bd3 b6 9. e4 Be7 10. e5 Nh5 11. Qe2 g6 12. Qe3 a5 13. h4 Ba6 14. Bxa6 Rxa6 15. a3 Ra7 16. Bh2 f5 17. exf6 Rxf6 18. Ne5 Nxe5 19. Bxe5 Rf7 20. Nf3 Ng7 21. Bxg7 Kxg7 22. Ne5 Bxh4 23. g3 Bg5 24. f4 Bf6 25. Nxf7 Rxf7 26. O-O-O Qd6 27. Rhf1 Kg8 28. g4 Re7 29. Qf3 cxd4 30. cxd4 b5 31. f5 1/2-1/2

[Event "DPEM German Cup 2024"]
[Site "Bad Wildungen"]
[Date "2024.08.01"]
[Round "2.1"]
[White "Poetsch, Hagen"]
[Black "Bolk, Matthias"]
[Result "1-0"]
[Annotator "RC"]
[ECO "B75"]
[WhiteElo "2456"]
[BlackElo "2034"]
[PlyCount "73"]
[EventDate "2024.07.31"]
[EventCountry "GER"]
[SourceTitle "playchess.com"]
[Source "ChessBase"]
[SourceQuality "1"]
[TimeControl "40/5400+30:900+30"]

1. e4 c5 2. Ne2 Nf6 3. Nbc3 d6 4. d4 cxd4 5. Nxd4 g6 6. Be3 Bg7 7. f3 Nc6 8. Qd2 h5 9. O-O-O Bd7 10. Kb1 a6 11. Nb3 b5 12. Nd5 Nxd5 13. exd5 Ne5 14. Bd4 O-O 15. f4 Ng4 16. h3 Nf6 17. g4 h4 18. Qf2 Qc7 19. Qxh4 a5 20. f5 a4 21. Nc1 Rfc8 22. Bd3 Nxd5 23. fxg6 f6 24. g5 a3 25. gxf6 exf6 26. Rhf1 Be6 27. Rde1 axb2 28. Rxe6 bxc1=Q+ 29. Kxc1 Rxa2 30. Qh7+ Kf8 31. Rf2 Nf4 32. Rxf4 Rxc2+ 33. Kd1 Rc1+ 34. Ke2 Re8 35. Rxe8+ Kxe8 36. Qg8+ Bf8 37. Bxb5+ 1-0

[Event "DPEM German Cup 2024"]
[Site "Bad Wildungen"]
[Date "2024.08.01"]
[Round "2.2"]
[White "Schroeder, Torsten"]
[Black "Khachatryan, Taron"]
[Result "0-1"]
[Annotator "RC"]
[ECO "E05"]
[WhiteElo "2153"]
[BlackElo "2221"]
[PlyCount "90"]
[EventDate "2024.07.31"]
[EventCountry "GER"]
[SourceTitle "playchess.com"]
[Source "ChessBase"]
[SourceQuality "1"]
[TimeControl "40/5400+30:900+30"]

1. d4 Nf6 2. Nf3 e6 3. g3 d5 4. Bg2 Be7 5. O-O O-O 6. c4 dxc4 7. Qc2 a6 8. Qxc4 b5 9. Qc2 Bb7 10. Bf4 Nc6 11. Nc3 Rc8 12. Rfd1 Nb4 13. Qc1 Nbd5 14. Ne5 c5 15. dxc5 Bxc5 16. Nxd5 Nxd5 17. Qd2 Qe7 18. Nd3 Bb6 19. Rac1 Rcd8 20. e4 Nxf4 21. Qxf4 Rd4 22. Ne5 Rxd1+ 23. Rxd1 Bc7 24. Rd7 Qxd7 25. Nxd7 Bxf4 26. Nxf8 Be5 27. Nd7 Bxb2 28. Nc5 Bc8 29. Kf1 Kf8 30. Nd3 Bc3 31. e5 Ke7 32. f4 a5 33. Ke2 b4 34. Nc5 Bd4 35. Nb7 a4 36. Kd3 b3 37. a3 Bg1 38. h3 Bh2 39. Nc5 Bd7 40. Kc4 Bxg3 41. Nd3 Kd8 42. Be4 h6 43. Kc5 Kc7 44. Bf3 Bh4 45. Kd4 Be7 0-1

[Event "DPEM German Cup 2024"]
[Site "Bad Wildungen"]
[Date "2024.08.01"]
[Round "2.3"]
[White "Cofmann, Veaceslav"]
[Black "Skabs, Denis"]
[Result "1/2-1/2"]
[Annotator "RC"]
[ECO "D38"]
[WhiteElo "2245"]
[BlackElo "2096"]
[PlyCount "29"]
[EventDate "2024.07.31"]
[EventCountry "GER"]
[SourceTitle "playchess.com"]
[Source "ChessBase"]
[SourceQuality "1"]
[TimeControl "40/5400+30:900+30"]

1. d4 Nf6 2. c4 e6 3. Nc3 Bb4 4. Nf3 d5 5. cxd5 exd5 6. Bg5 h6 7. Bxf6 Qxf6 8. Qb3 c5 9. e3 Nc6 10. Bb5 O-O 11. O-O c4 12. Qa4 Bxc3 13. bxc3 Bg4 14. Bxc6 Bxf3 15. Bd7 1/2-1/2

[Event "DPEM German Cup 2024"]
[Site "Bad Wildungen"]
[Date "2024.08.01"]
[Round "2.4"]
[White "Matthaei, Jakob"]
[Black "Namyslo, Holger"]
[Result "1/2-1/2"]
[Annotator "RC"]
[ECO "A14"]
[WhiteElo "2055"]
[BlackElo "2131"]
[PlyCount "172"]
[EventDate "2024.07.31"]
[EventCountry "GER"]
[SourceTitle "playchess.com"]
[Source "ChessBase"]
[SourceQuality "1"]
[TimeControl "40/5400+30:900+30"]

1. c4 e6 2. g3 d5 3. Bg2 Nf6 4. Nf3 Be7 5. O-O O-O 6. b3 d4 7. e3 c5 8. Bb2 Nc6 9. exd4 cxd4 10. Re1 Re8 11. d3 a5 12. Na3 Bb4 13. Re2 e5 14. Nc2 Bc5 15. Ba3 Qd6 16. Bxc5 Qxc5 17. Qd2 h6 18. Rae1 Bf5 19. Nh4 Bg4 20. Bf3 Bxf3 21. Nxf3 b5 22. cxb5 Qxb5 23. Na3 Qd5 24. Nh4 e4 25. Nc4 exd3 26. Qxd3 Rxe2 27. Rxe2 Rd8 28. Nf5 Qc5 29. Qf3 d3 30. Rd2 Nd4 31. Nxd4 Qxd4 32. Nb2 Qc3 33. Rxd3 Rxd3 34. Nxd3 Qa1+ 35. Kg2 Qxa2 36. Ne5 Qc2 37. Qb7 Kh7 38. Qxf7 Qe4+ 39. Nf3 a4 40. bxa4 Qxa4 41. Qe6 Qa8 42. Qf5+ Kh8 43. h4 Ne4 44. g4 Nd2 45. g5 hxg5 46. hxg5 Ne4 47. g6 Nf6 48. Kg1 Qe4 49. Qh3+ Kg8 50. Qc8+ Ne8 51. Nh4 Kf8 52. Qf5+ Nf6 53. Qxe4 Nxe4 54. Nf5 Nc5 55. Kg2 Nd7 56. f4 Nf6 57. Kf3 Kg8 58. Ke3 Nd7 59. Kd4 Nf8 60. Ne7+ Kh8 61. Kd5 Ne6 62. f5 Nf4+ 63. Ke5 Nh5 64. Ke6 Nf6 65. Nd5 Ng4 66. Ke7 Kg8 67. Nf4 Ne3 68. Ke6 Ng4 69. Nd5 Kf8 70. Ne7 Nf6 71. Nd5 Ng4 72. Nf4 Ne3 73. Nd3 Ng4 74. Nc5 Ne3 75. Nd7+ Kg8 76. Nb6 Kf8 77. Nd5 Ng4 78. Ne7 Nf6 79. Nc6 Ng4 80. Ne5 Ne3 81. Nd7+ Kg8 82. f6 gxf6 83. Kxf6 Nd5+ 84. Kg5 Kg7 85. Nc5 Nf4 86. Kxf4 Kxg6 1/2-1/2

[Event "DPEM German Cup 2024"]
[Site "Bad Wildungen"]
[Date "2024.08.01"]
[Round "2.5"]
[White "Buettner, Thomas"]
[Black "Colpe, Malte"]
[Result "0-1"]
[Annotator "RC"]
[ECO "C02"]
[WhiteElo "1979"]
[BlackElo "2377"]
[PlyCount "50"]
[EventDate "2024.07.31"]
[EventCountry "GER"]
[SourceTitle "playchess.com"]
[Source "ChessBase"]
[SourceQuality "1"]
[TimeControl "40/5400+30:900+30"]

1. e4 e6 2. d4 d5 3. e5 c5 4. c3 Nc6 5. Nf3 Qb6 6. Bd3 cxd4 7. cxd4 Bd7 8. O-O Nxd4 9. Nbd2 Nxf3+ 10. Nxf3 Bb5 11. Bxb5+ Qxb5 12. Nd4 Qd7 13. Be3 Ne7 14. Rc1 Nc6 15. Nb5 a6 16. Nd6+ Bxd6 17. exd6 O-O 18. Bc5 Rfc8 19. Re1 Rab8 20. Qg4 b6 21. Ba3 Ne5 22. Rc7 Qxc7 23. dxc7 Nxg4 24. cxb8=Q Rxb8 25. Rc1 Nf6 0-1

[Event "DPEM German Cup 2024"]
[Site "Bad Wildungen"]
[Date "2024.08.01"]
[Round "2.6"]
[White "Koch, Yannick"]
[Black "Willim, Michael"]
[Result "0-1"]
[Annotator "RC"]
[ECO "D41"]
[WhiteElo "1991"]
[BlackElo "2083"]
[PlyCount "62"]
[EventDate "2024.07.31"]
[EventCountry "GER"]
[SourceTitle "playchess.com"]
[Source "ChessBase"]
[SourceQuality "1"]
[TimeControl "40/5400+30:900+30"]

1. d4 Nf6 2. c4 e6 3. Nc3 d5 4. cxd5 Nxd5 5. e4 Nxc3 6. bxc3 c5 7. Nf3 cxd4 8. cxd4 Bb4+ 9. Bd2 Bxd2+ 10. Qxd2 O-O 11. Bc4 Nd7 12. O-O b6 13. Rad1 Bb7 14. Rfe1 Rc8 15. Bb3 Re8 16. h3 Nf6 17. d5 exd5 18. exd5 Rxe1+ 19. Nxe1 Qd6 20. Nc2 Ne4 21. Qd4 Nc3 22. Re1 h6 23. Ne3 Qc5 24. Qg4 Re8 25. Kh2 Qd6+ 26. g3 Qf6 27. f3 Nxd5 28. Ng2 Rxe1 29. Nxe1 Ne3 30. Qa4 Bc6 31. Qxa7 Bxf3 0-1

[Event "DPEM German Cup 2024"]
[Site "Bad Wildungen"]
[Date "2024.08.01"]
[Round "2.7"]
[White "Ehmann, Thilo"]
[Black "Hinrichs, Paul"]
[Result "1/2-1/2"]
[Annotator "RC"]
[ECO "C86"]
[WhiteElo "2341"]
[BlackElo "2262"]
[PlyCount "33"]
[EventDate "2024.07.31"]
[EventCountry "GER"]
[SourceTitle "playchess.com"]
[Source "ChessBase"]
[SourceQuality "1"]
[TimeControl "40/5400+30:900+30"]

1. e4 e5 2. Nf3 Nc6 3. Bb5 a6 4. Ba4 Nf6 5. O-O Be7 6. Qe2 b5 7. Bb3 d6 8. a4 Rb8 9. axb5 axb5 10. Nc3 Bg4 11. Nxb5 Bxf3 12. gxf3 O-O 13. c3 Qd7 14. d4 Qh3 15. d5 Rxb5 16. Qxb5 Nxe4 17. fxe4 1/2-1/2

[Event "DPEM German Cup 2024"]
[Site "Bad Wildungen"]
[Date "2024.08.02"]
[Round "3.2"]
[White "Khachatryan, Taron"]
[Black "Matthaei, Jakob"]
[Result "1/2-1/2"]
[Annotator "RC"]
[ECO "E05"]
[WhiteElo "2221"]
[BlackElo "2055"]
[PlyCount "71"]
[EventDate "2024.07.31"]
[EventCountry "GER"]
[SourceTitle "playchess.com"]
[Source "ChessBase"]
[SourceQuality "1"]
[TimeControl "40/5400+30:900+30"]

1. Nf3 d5 2. c4 e6 3. g3 Nf6 4. Bg2 Be7 5. O-O O-O 6. d4 dxc4 7. Qc2 a6 8. a4 Bd7 9. Qxc4 Bc6 10. Nc3 b5 11. Qd3 b4 12. Nb1 Be4 13. Qd1 c5 14. Nbd2 Bd5 15. dxc5 Nbd7 16. c6 Bxc6 17. Nb3 Rc8 18. Be3 Bd5 19. a5 Qc7 20. Nfd4 Bxg2 21. Kxg2 Rfd8 22. Rc1 Qb7+ 23. Nf3 Ng4 24. Bd4 Nc5 25. h3 Ne5 26. Nxc5 Bxc5 27. e3 Bxd4 28. Rxc8 Rxc8 29. exd4 Nc4 30. Qe2 Nxa5 31. Ra1 Nc4 32. Rc1 Nb6 33. Rxc8+ Qxc8 34. Ne5 f6 35. Nd3 Qc4 36. Kg1 1/2-1/2

[Event "DPEM German Cup 2024"]
[Site "Bad Wildungen"]
[Date "2024.08.02"]
[Round "3.3"]
[White "Cofmann, Veaceslav"]
[Black "Ehmann, Thilo"]
[Result "1/2-1/2"]
[Annotator "ChessBase"]
[ECO "A70"]
[WhiteElo "2245"]
[BlackElo "2341"]
[PlyCount "152"]
[EventDate "2024.07.31"]
[EventCountry "GER"]
[SourceTitle "playchess.com"]
[Source "ChessBase"]
[SourceQuality "1"]
[TimeControl "40/5400+30:900+30"]

1. d4 Nf6 2. c4 c5 3. d5 e6 4. Nc3 exd5 5. cxd5 d6 6. e4 g6 7. h3 Bg7 8. Nf3 O-O 9. Bd3 a6 10. a4 Nbd7 11. Be3 Re8 12. Nd2 Nh5 13. Be2 Bd4 14. Nc4 Bxe3 15. Nxe3 Nf4 16. g3 Nxe2 17. Qxe2 Rb8 18. a5 b5 19. axb6 Nxb6 20. h4 f5 21. h5 fxe4 22. hxg6 hxg6 23. Rh4 Nd7 24. Nxe4 Nf6 25. Nc3 Rb4 26. Ra4 a5 27. Kf1 Kg7 28. Qc2 Bd7 29. Raxb4 axb4 30. Ne4 Nxe4 31. Rxe4 Rf8 32. Rh4 Qg5 33. Kg2 Re8 34. Qd3 Qf6 35. b3 Bf5 36. Qa6 Be4+ 37. Kg1 g5 38. Rh2 Re7 39. Qa8 Qf8 40. Qa1+ Qf6 41. Qa8 Bh7 42. Qa6 Rf7 43. Qa8 Qc3 44. Qd8 Qe1+ 45. Nf1 Qe5 46. Ne3 c4 47. Rh5 Qa1+ 48. Nf1 Qf6 49. Rxg5+ Bg6 50. Qxf6+ Kxf6 51. Rg4 Rc7 52. Rf4+ Kg7 53. Ne3 c3 54. Rxb4 c2 55. Nxc2 Bxc2 56. Rb6 Rd7 57. f4 Be4 58. Rb5 Kf6 59. Kf2 Kf5 60. Ke3 Rg7 61. Kf2 Rc7 62. Rb6 Rd7 63. Rb5 Bh1 64. Ke3 Rg7 65. Kd4 Rxg3 66. Rb8 Kf6 67. Re8 Rg6 68. b4 Kf7 69. Re1 Bf3 70. b5 Rg2 71. Re3 Rd2+ 72. Kc3 Rf2 73. Re6 Bxd5 74. Rxd6 Bg2 75. Rd4 Re2 76. Kb4 Ke7 1/2-1/2

[Event "DPEM German Cup 2024"]
[Site "Bad Wildungen"]
[Date "2024.08.02"]
[Round "3.4"]
[White "Colpe, Malte"]
[Black "Willim, Michael"]
[Result "1-0"]
[Annotator "RC"]
[ECO "D77"]
[WhiteElo "2377"]
[BlackElo "2083"]
[PlyCount "33"]
[EventDate "2024.07.31"]
[EventCountry "GER"]
[SourceTitle "playchess.com"]
[Source "ChessBase"]
[SourceQuality "1"]
[TimeControl "40/5400+30:900+30"]

1. Nf3 d5 2. g3 g6 3. Bg2 Bg7 4. d4 Nf6 5. c4 dxc4 6. Na3 c5 7. O-O O-O 8. dxc5 Qc7 9. Nxc4 Qxc5 10. Nfe5 Ng4 11. Nxg4 Qxc4 12. Nh6+ Kh8 13. Bd5 Qc7 14. Nxf7+ Rxf7 15. Bxf7 Bh3 16. Qa4 Nc6 17. Qh4 1-0

[Event "DPEM German Cup 2024"]
[Site "Bad Wildungen"]
[Date "2024.08.02"]
[Round "3.5"]
[White "Namyslo, Holger"]
[Black "Buettner, Thomas"]
[Result "1-0"]
[Annotator "RC"]
[ECO "B30"]
[WhiteElo "2131"]
[BlackElo "1979"]
[PlyCount "87"]
[EventDate "2024.07.31"]
[EventCountry "GER"]
[SourceTitle "playchess.com"]
[Source "ChessBase"]
[SourceQuality "1"]
[TimeControl "40/5400+30:900+30"]

1. e4 c5 2. Nf3 Nc6 3. b4 Nxb4 4. c3 Nc6 5. d4 cxd4 6. cxd4 e6 7. Bd3 Bb4+ 8. Kf1 d5 9. e5 f5 10. h4 Bd7 11. h5 Qb6 12. Be2 Nd8 13. a4 Ne7 14. Rh3 Rc8 15. h6 g6 16. Bg5 Nf7 17. Bf6 O-O 18. a5 Qc7 19. a6 b6 20. Na3 Rfe8 21. Nb5 Qc2 22. Nxa7 Qxd1+ 23. Rxd1 Rc2 24. Ne1 Rc7 25. Nb5 Bxb5 26. Bxb5 Rec8 27. Nd3 Ba5 28. Nf4 Nd8 29. Rhd3 Kf7 30. Nh3 Nec6 31. Ng5+ Kg8 32. Rc1 Na7 33. Rxc7 Rxc7 34. Ba4 b5 35. Bxd8 Rc1+ 36. Rd1 Rxd1+ 37. Bxd1 Bxd8 38. Nxe6 Bb6 39. Bb3 Kf7 40. Bxd5 Ke7 41. Ke2 Nc6 42. Bxc6 Kxe6 43. Kd3 b4 44. Ba4 1-0

[Event "DPEM German Cup 2024"]
[Site "Bad Wildungen"]
[Date "2024.08.02"]
[Round "3.6"]
[White "Skabs, Denis"]
[Black "Koch, Yannick"]
[Result "1-0"]
[Annotator "RC"]
[ECO "B11"]
[WhiteElo "2096"]
[BlackElo "1991"]
[PlyCount "53"]
[EventDate "2024.07.31"]
[EventCountry "GER"]
[SourceTitle "playchess.com"]
[Source "ChessBase"]
[SourceQuality "1"]
[TimeControl "40/5400+30:900+30"]

1. e4 c6 2. Nf3 d5 3. Nc3 dxe4 4. Nxe4 Nf6 5. Qe2 Bf5 6. Nxf6+ gxf6 7. d3 Bg4 8. h3 Bxf3 9. Qxf3 Qd5 10. Be2 Rg8 11. O-O Nd7 12. Qxd5 cxd5 13. d4 e6 14. b3 Bb4 15. Bb2 Rc8 16. c4 dxc4 17. bxc4 Nb6 18. Rac1 Ke7 19. Ba1 Bd2 20. Rb1 Rc7 21. Rfd1 Bf4 22. Rb4 Rgc8 23. g3 Bh6 24. d5 Rd8 25. Bd4 Nc8 26. dxe6 Kxe6 27. Bg4+ 1-0

[Event "DPEM German Cup 2024"]
[Site "Bad Wildungen"]
[Date "2024.08.02"]
[Round "3.7"]
[White "Hinrichs, Paul"]
[Black "Windmueller, Simon"]
[Result "0-1"]
[Annotator "ChessBase"]
[ECO "D95"]
[WhiteElo "2262"]
[BlackElo "1941"]
[PlyCount "166"]
[EventDate "2024.07.31"]
[EventCountry "GER"]
[SourceTitle "playchess.com"]
[Source "ChessBase"]
[SourceQuality "1"]
[TimeControl "40/5400+30:900+30"]

1. d4 Nf6 2. c4 g6 3. Nc3 d5 4. e3 Bg7 5. Nf3 O-O 6. Qb3 c6 7. a4 a5 8. Bd2 e6 9. Be2 Nbd7 10. cxd5 exd5 11. O-O Qe7 12. Qa3 Re8 13. Qxe7 Rxe7 14. Rfb1 Bf8 15. b4 axb4 16. Nd1 Ne4 17. Bxb4 Re8 18. Bxf8 Kxf8 19. a5 h6 20. Bd3 Nd6 21. Nd2 Ra7 22. Nb3 f5 23. Rc1 Nb8 24. Nc3 Be6 25. Na4 Nd7 26. Nac5 Nxc5 27. Rxc5 Rea8 28. Rb1 Nc4 29. h4 g5 30. hxg5 hxg5 31. g3 Ke7 32. Bxc4 dxc4 33. Nd2 Bd5 34. Nxc4 Rh8 35. f3 Bxf3 36. Rf1 Rh1+ 37. Kf2 Rxf1+ 38. Kxf1 Bd5 39. Nb6 Ke6 40. Ke2 Ra6 41. Kd3 Be4+ 42. Kc4 Kf6 43. Kb4 Kg6 44. Nd7 Ra8 45. Rc1 Rh8 46. Kc5 Rh3 47. Kb6 Rxg3 48. Nc5 Rxe3 49. Kxb7 Bd5 50. a6 Re7+ 51. Kb6 f4 52. a7 Re8 53. Na6 Ra8 54. Nc7 Rxa7 55. Nxd5 cxd5 56. Kxa7 g4 57. Rc8 Kf5 58. Kb6 f3 59. Kc5 g3 60. Kxd5 g2 61. Rf8+ Kg4 62. Ke4 f2 63. Rxf2 g1=Q 64. Rf4+ Kg5 65. Rf5+ Kg6 66. Rf3 Qb1+ 67. Rd3 Qb4 68. Ke3 Kf5 69. Ke2 Ke4 70. Re3+ Kxd4 71. Kf3 Qf8+ 72. Ke2 Qf5 73. Rg3 Qh5+ 74. Kf2 Ke4 75. Rc3 Qh2+ 76. Ke1 Qb2 77. Rg3 Qc2 78. Rh3 Kf4 79. Kf1 Qd2 80. Rh6 Kg5 81. Re6 Qf4+ 82. Ke1 Qb4+ 83. Kf2 Qh4+ 0-1

[Event "DPEM German Cup 2024"]
[Site "Bad Wildungen"]
[Date "2024.08.02"]
[Round "3.8"]
[White "Malek, Daniel"]
[Black "Kampmann, Heiko"]
[Result "1/2-1/2"]
[Annotator "ChessBase"]
[ECO "E17"]
[WhiteElo "2265"]
[BlackElo "2178"]
[PlyCount "127"]
[EventDate "2024.07.31"]
[EventCountry "GER"]
[SourceTitle "playchess.com"]
[Source "ChessBase"]
[SourceQuality "1"]
[TimeControl "40/5400+30:900+30"]

1. c4 e6 2. Nf3 d5 3. g3 Nf6 4. Bg2 Be7 5. O-O O-O 6. b3 b6 7. d4 Bb7 8. Nc3 Nbd7 9. Bb2 c5 10. Ne1 Rc8 11. cxd5 exd5 12. dxc5 Nxc5 13. Rc1 Nfe4 14. Nd3 Nxc3 15. Bxc3 Ne4 16. Bd4 Rxc1 17. Qxc1 Bf6 18. Qb2 Bxd4 19. Qxd4 Qf6 20. Qxf6 Nxf6 21. Rc1 Rc8 22. Rxc8+ Bxc8 23. Nb4 Bb7 24. Kf1 Kf8 25. Ke1 Ke7 26. Kd2 Kd6 27. Bf3 Ne4+ 28. Ke3 Nc3 29. Kd4 Nb5+ 30. Kd3 Ke5 31. Bg2 Nc7 32. f4+ Kd6 33. Bf3 Ne6 34. Nc2 a5 35. Bg4 Nc5+ 36. Ke3 g6 37. Nd4 Ba6 38. a3 Ne4 39. Bf3 Nc3 40. Nc2 Kc5 41. Kd2 Nb1+ 42. Kc1 Nc3 43. e3 Bf1 44. Kb2 Nb5 45. a4 Na7 46. Nd4 Nc6 47. Nxc6 Kxc6 48. Kc3 Kc5 49. g4 Bh3 50. g5 Bf5 51. h4 Be6 52. h5 Bf5 53. h6 Be6 54. Be2 Bd7 55. Bd3 b5 56. axb5 Bxb5 57. Bc2 Bd7 58. Bd1 Be6 59. Be2 Bd7 60. Bf1 Be6 61. Bd3 Bf5 62. Ba6 Be6 63. Bf1 Bf5 64. Ba6 1/2-1/2

[Event "DPEM German Cup 2024"]
[Site "Bad Wildungen"]
[Date "2024.08.02"]
[Round "4.1"]
[White "Poetsch, Hagen"]
[Black "Colpe, Malte"]
[Result "1-0"]
[Annotator "RC"]
[ECO "B27"]
[WhiteElo "2456"]
[BlackElo "2377"]
[PlyCount "70"]
[EventDate "2024.07.31"]
[EventCountry "GER"]
[SourceTitle "playchess.com"]
[Source "ChessBase"]
[SourceQuality "1"]
[TimeControl "40/5400+30:900+30"]

1. e4 c5 2. Nf3 g6 3. d4 cxd4 4. Qxd4 Nf6 5. Nc3 Nc6 6. Qa4 d6 7. e5 dxe5 8. Nxe5 Bg7 9. Bb5 O-O 10. Nxc6 bxc6 11. Bxc6 Bd7 12. O-O Bxc6 13. Qxc6 Qb8 14. Qf3 Nd7 15. Rb1 e6 16. Rd1 Ne5 17. Qe2 Nc6 18. Be3 Bxc3 19. bxc3 Qe5 20. Qc4 Rac8 21. Rb5 Qc7 22. Rc5 Qb7 23. h3 Ne7 24. Bh6 Rxc5 25. Qxc5 Re8 26. Qe5 Nf5 27. Bg5 h6 28. Bf6 g5 29. Qe2 Nh4 30. f4 Qb6+ 31. Kh2 Qc5 32. fxg5 hxg5 33. Qh5 Ng6 34. Qh6 Qf8 35. Qxg5 Rc8 1-0